 Dungeon Crawl Stone Soup version 0.17.2-1-ge4368a0 (webtiles) character file.

1463 Goblin1989 the Martial Artist (level 8, -3/64 HPs)
             Began as a Demonspawn Monk on Nov 19, 2016.
             Slain by a big kobold (5 damage)
             ... on level 6 of the Dungeon.
             The game lasted 00:22:25 (5929 turns).

Goblin1989 the Martial Artist (Demonspawn Monk)     Turns: 5929, Time: 00:22:26

Health: -3/64      AC: 14    Str: 15    XL:     8   Next: 48%
Magic:  8/8        EV:  7    Int: 11    God:
Gold:   326        SH:  0    Dex: 15    Spells: 0 memorised, 7 levels left

rFire  . . .     SeeInvis .       - Unarmed
rCold  + . .     Clarity  .     l - +0 plate armour
rNeg   . . .     SustAt   .     (no shield)
rPois  .         Gourm    .     (no helmet)
rElec  .         Spirit   .     (no cloak)
rCorr  .         Warding  .     (no gloves)
rMut   .         Stasis   +     n - +1 pair of boots
MR     .....                    f - amulet of stasis {!P}
Stlth  ..........               (no ring)
                                x - ring of stealth

@: confused, lethally poisoned (-3 -> -22), not resistant to hostile
enchantments, extremely unstealthy
A: repulsion field 1, cold resistance 1, nightstalker 1, freezing cloud immunity
a: no special abilities


You were on level 6 of the Dungeon.
You were hungry.

You visited 2 branches of the dungeon, and saw 7 of its levels.

You collected 326 gold pieces.

Inventory:

Armour
 l - a +0 plate armour (worn)
 n - a +1 pair of boots (worn)
 y - the +5 robe of vines {NoDeviceHeal Regen+10}
   (You found it on level 4 of the Dungeon)

   It increases your rate of regeneration.
Jewellery
 f - an amulet of stasis (around neck) {!P}
 x - a ring of stealth (left hand)
 B - a cursed ring of teleportation {unknown}
Wands
 t - a wand of digging (11)
 C - a wand of confusion (47)
Scrolls
 c - a scroll of immolation {unknown}
 e - 5 scrolls of identify {unknown}
 g - 3 scrolls of fear {unknown}
 j - a scroll of enchant armour {unknown}
 k - a scroll of recharging {unknown}
 m - a scroll of random uselessness {unknown}
 p - 2 scrolls of teleportation {unknown}
 q - 2 scrolls of blinking {unknown}
 s - 2 scrolls of remove curse {unknown}
 v - a scroll of fog {unknown}
 A - a scroll of magic mapping {unknown}
 F - a scroll of summoning {unknown}
Potions
 d - a potion of heal wounds {unknown}
 h - 4 potions of curing {unknown}
 i - a potion of magic {unknown}
 o - a potion of resistance {unknown}
 r - 3 potions of cancellation {unknown}
 u - a potion of poison {unknown}
 w - a potion of flight {unknown}
Comestibles
 a - 4 meat rations {@e2}
 b - 5 bread rations {@e1}
 D - a beef jerky
 E - 4 chunks of flesh {@w0}


   Skills:
 + Level 5.6 Fighting
 + Level 4.1 Armour
 - Level 2.6 Dodging
 - Level 1.7 Stealth
 * Level 8.3 Unarmed Combat


You had 7 spell levels left.
You didn't know any spells.

Dungeon Overview and Level Annotations

Branches:
Dungeon (6/15)             Temple (1/1) D:4

Altars:
Ashenzari
Cheibriados
Elyvilon
Fedhas
Kikubaaqudgha
Makhleb
Nemelex Xobeh
Okawaru
Qazlal
Ru
Vehumet
Xom
Yredelemnul
The Shining One


Innate Abilities, Weirdness & Mutations

You are surrounded by a mild repulsion field (EV +2).
Your flesh is cold resistant.
You are slightly more attuned to the shadows.
You are immune to freezing clouds.


Message History

You see here a curare-tipped needle.
You take 8 damage, and have 12/64 hp.
* * * LOW HITPOINT WARNING * * *
You feel sick.
The big kobold hits you but does no damage.
The kobold shoots a curare-tipped needle.
The curare-tipped needle hits you.
You are lethally poisoned!
You have difficulty breathing.
* * * LOW HITPOINT WARNING * * *
Your amulet of stasis {!P} rumbles.
You see here a curare-tipped needle.
You take 11 damage, and have 1/64 hp.
Drink which item? (? for menu, Esc to quit)
Really quaff
z - a potion of ambrosia {!q}?
You are confused.
You feel invigorated.
* * * LOW HITPOINT WARNING * * *
You feel sick. The big kobold hits you.
You die... .....███.....P♣P♣..█ ............♣PPPP..█ .....██...PPP♣♣♣P..█ .... █...♣P♣█ █████

..█ ██.PPPP♣ ....█ .
█...♣PP♣█ ...█
..████..PPPPP█ ..(█
█.█.......♣██████∆∆█
█.█........∆..@(∆K.█
█.█.....(..∆.>.K█(.█
█.█........∆....█))█
█.█.█......██████..█
███.█.██..PP♣█ █..█
█.....██..♣P♣ █..█
█.....██.PP♣♣ █..█
......█...♣P♣ █..█
█.....█..PPPP █..█


You could see a big kobold and a kobold.

Vanquished Creatures
  Sigmund (D:4)
  A water moccasin (D:5)
  An ice beast (D:5)
  2 ogres (D:4)
  A phantom (D:5)
  2 centaurs
  2 orc priests
  2 hounds
  5 orc wizards
  Ijyb (D:3)
  4 worker ants
  Jessica (D:4)
  An iguana (D:5)
  A hound skeleton (D:4)
  12 adders
  3 oozes (D:1)
  A worm (D:2)
  A giant gecko (D:2)
  13 orcs
  10 bats
  2 giant cockroaches
  6 hobgoblins
  8 jackals
  3 quokkas
  A ball python (D:2)
  4 giant newts
  12 goblins
  10 kobolds
  5 rats
116 creatures vanquished.

Vanquished Creatures (others)
  An orc wizard (D:4)
  A giant cockroach (D:1)
2 creatures vanquished.

Grand Total: 118 creatures vanquished

Notes
Turn   | Place    | Note
--------------------------------------------------------------
     0 | D:1      | Goblin1989 the Demonspawn Monk began the quest for the Orb.
     0 | D:1      | Reached XP level 1. HP: 18/18 MP: 1/1
    39 | D:1      | Reached skill level 4 in Unarmed Combat
    53 | D:1      | Gained mutation: You are surrounded by a mild repulsion field (EV +2). [demonic ancestry]
    53 | D:1      | Reached XP level 2. HP: 22/24 MP: 2/2
   517 | D:1      | Gained mutation: Your flesh is cold resistant. [demonic ancestry]
   517 | D:1      | Reached XP level 3. HP: 8/29 MP: 3/3
  1240 | D:2      | Reached skill level 5 in Unarmed Combat
  1443 | D:2      | Reached XP level 4. HP: 31/35 MP: 4/4
  1685 | D:3      | jacquesderrida: Grendel
  1686 | D:3      | Noticed Ijyb
  1712 | D:3      | Killed Ijyb
  1728 | D:3      | Found an ancient bone altar of Kikubaaqudgha.
  2350 | D:4      | Noticed Sigmund
  2399 | D:4      | Reached skill level 1 in Armour
  2399 | D:4      | Gained mutation: You are slightly more attuned to the shadows. [demonic ancestry]
  2399 | D:4      | Reached XP level 5. HP: 31/41 MP: 5/5
  2535 | D:4      | Found a staircase to the Ecumenical Temple.
  2545 | Temple   | Entered the Ecumenical Temple
  2895 | D:4      | Noticed an ogre
  2906 | D:4      | Killed an ogre
  2906 | D:4      | Reached XP level 6. HP: 4/48 MP: 6/6
  3198 | D:4      | Found a sparkling altar of Nemelex Xobeh.
  3198 | D:4      | Noticed Jessica
  3202 | D:4      | Killed Jessica
  3296 | D:4      | Reached skill level 6 in Unarmed Combat
  3428 | D:4      | Noticed an ogre
  3436 | D:4      | Killed an ogre
  3962 | D:4      | Found a shattered altar of Ashenzari.
  4001 | D:4      | Reached XP level 7. HP: 24/55 MP: 7/7
  4253 | D:4      | Killed Sigmund
  4366 | D:4      | jacquesderrida: ehhhhhhhhh
  4379 | D:4      | jacquesderrida: gremlen.......
  4394 | D:4      | Goblin1989: ehhhhhh
  4394 | D:4      | Goblin1989: когда играть не хочется а делать нечего
  4570 | D:4      | Reached skill level 7 in Unarmed Combat
  4595 | D:5      | Entered Level 5 of the Dungeon
  4688 | D:5      | Reached skill level 5 in Fighting
  4818 | D:5      | Gained mutation: You are immune to freezing clouds. [demonic ancestry]
  4818 | D:5      | Reached XP level 8. HP: 50/62 MP: 8/8
  5693 | D:6      | Reached skill level 8 in Unarmed Combat
  5928 | D:6      | HP: 1/64 [asphyx]
  5929 | D:6      | Slain by a big kobold

Action                   |  1- 3 |  4- 6 |  7- 9 || total
-------------------------+-------+-------+-------++-------
Melee: Unarmed           |   156 |   236 |   227 ||   619
  Use: Potion            |       |       |     2 ||     2
 Stab: Sleeping          |    13 |       |       ||    13
  Eat: Chunk             |     2 |     8 |     6 ||    16

Vault maps used:
D:1:      erik_arrival_gehennom, lemuel_flame_loot_1
D:2:      small_statue_intersection
D:3:      kiku_gazebo_pond_becter, grunt_ministairs_3, minmay_misc_feat_pillars,
          minmay_misc_feat_hallway, corexii_leaking_fountain, uniq_iyjb
D:4:      evilmike_ruin_ashenzari, minmay_temple_entry_junction, first_bread,
          minmay_stone_trees_small, kennysheep_small_spiral,
          nemelex_lonely_heart_becter, uniq_sigmund
D:6:      kennysheep_housing_project
Temple:   circular_temple_12
